 Dungeon Crawl Stone Soup version 0.26-a0-466-g989023bd0d (webtiles) character file.

Game seed: 10246974590643078254

30 Tenar the Shield-Bearer (level 3, -3/29 HPs)
             Began as a Formicid Fighter on Aug 3, 2020.
             Slain by Sigmund
             ... wielding a +0 scythe
              (5 damage)
             ... on level 2 of the Dungeon.
             The game lasted 00:00:57 (916 turns).

Tenar the Shield-Bearer (Formicid Fighter)           Turns: 916, Time: 00:00:57

Health: -3/29      AC:  6    Str: 21    XL:     3   Next: 37%
Magic:  3/3        EV:  8    Int:  7    God:
Gold:   21         SH:  9    Dex: 10    Spells: 2/2 levels left

rFire    . . .     SeeInvis +   a - +0 war axe
rCold    . . .     Faith    .   c - +0 kite shield
rNeg     . . .     Spirit   .   b - +0 scale mail
rPois    .         Reflect  .   (helmet unavailable)
rElec    .         Harm     .   (no cloak)
rCorr    .                      (no gloves)
MR       .....                  (no boots)
Stlth    ..........             (no amulet)
HPRegen  0.09/turn              (no ring)
MPRegen  0.08/turn              (no ring)

@: mighty
A: permanent stasis, dig shafts and tunnels, four strong arms, antennae 3
a: Dig, Shaft Self


You were on level 2 of the Dungeon.
You visited 1 branch of the dungeon, and saw 2 of its levels.

You collected 21 gold pieces.

Inventory:

Hand Weapons
 a - a +0 war axe (weapon)
Armour
 b - a +0 scale mail (worn)
 c - a +0 kite shield (worn)
Scrolls
 e - a scroll of identify {unknown}
 f - a scroll of remove curse {unknown}
 g - a scroll of enchant armour {unknown}
 h - a scroll of enchant weapon {unknown}
Potions
 d - 2 potions of might


   Skills:
 + Level 3.6 Fighting
 * Level 2.6 Axes
 + Level 3.6 Armour
 + Level 3.9 Shields


You had 2 spell levels left.
You didn't know any spells.
Your spell library was empty.

Dungeon Overview and Level Annotations

Branches:
Dungeon (2/15)

Altars:

Annotations:
D:2 Sigmund


Innate Abilities, Weirdness & Mutations

You cannot be hasted, slowed, berserked, paralysed or teleported.
You can dig through walls and to a lower floor.
Your four strong arms can wield two-handed weapons with a shield.
You have a pair of large antennae on your head. (SInv)


Message History

The goblin hits you but does no damage. Sigmund hits you but does no damage.
You block the goblin's attack. Sigmund hits you with a +0 scythe.
You take 5 damage, and have 23/29 hp.
You hit Sigmund. You slash the goblin!
You kill the goblin!
You closely miss Sigmund. Sigmund gestures at you while chanting.
The magic dart hits you! Sigmund hits you with a +0 scythe!
* * * LOW HITPOINT WARNING * * *
You take 17 damage, and have 6/29 hp.
MASSIVE DAMAGE!!
You slash Sigmund! Sigmund hits you with a +0 scythe.
* * * LOW HITPOINT WARNING * * *
You take 4 damage, and have 2/29 hp.
Unknown command.
You closely miss Sigmund. Sigmund barely misses you.
Unknown command.
You closely miss Sigmund. Sigmund hits you with a +0 scythe.
You die...

...........#
#..........##.
.##.>.........
...........#
#........#
#........##
##.........##
#.....<@@...#
#.####.##.#....
#.# # . ...
..... .####..
.. ..# ## ...
...


You could see Sigmund.

Vanquished Creatures
  2 dart slugs (D:1)
  A leopard gecko (D:1)
  3 bats (D:1)
  A bat zombie (D:1)
  4 goblins
  3 hobgoblins (D:1)
  3 jackals (D:1)
  A giant cockroach zombie (D:1)
  2 kobolds (D:1)
  4 rats
24 creatures vanquished.

Notes
Turn   | Place    | Note
-------+----------+-------------------------------------------
     0 | D:1      | Tenar the Formicid Fighter began the quest for the Orb.
     0 | D:1      | Reached XP level 1. HP: 18/18 MP: 1/1
    74 | D:1      | Reached XP level 2. HP: 24/24 MP: 2/2
   383 | D:1      | Reached XP level 3. HP: 18/29 MP: 3/3
   904 | D:2      | Noticed Sigmund
   916 | D:2      | Slain by Sigmund

Illustrated notes

Levels and vault maps discovered:
D:1:      saegor_arrival_fortress, layout_loops_ring
D:2:      layout_rooms, old_standard_altar, kennysheep_slug_shrine,
          hangedman_decor_growths, palyth_stone_intersect,
          minmay_misc_feat_encased, dk_yredelemnul_ordeal, uniq_robin,
          uniq_sigmund

Action                   || total
-------------------------++-------
Melee: War axe           ||    79
  Use: Potion            ||     1
Armor: Scale mail        ||    44
Dodge: Dodged            ||    21
Block: Kite shield       ||    41

Table legend: (Time is in decaauts)
 A = Elapsed time spent in this place.
 B = Non-inter-level travel time spent in this place.
 C = Inter-level travel time spent in this place.
 D = Time resting spent in this place.
 E = Time spent auto-exploring this place.
 F = Levels seen in this place.
 G = Mean time per level.
                   A        B        C        D        E       F      G
               +--------+--------+--------+--------+--------+-----+--------+
         Total |    950 |    919 |     31 |      0 |    733 |   2 |  475.0 |
       Dungeon |    950 |    919 |     31 |      0 |    733 |   2 |  475.0 |
               +--------+--------+--------+--------+--------+-----+--------+

Top non-repeatable levels by time:
     D:1: 935 daAuts
     D:2: 15 daAuts
